AoeStats
← Vilo41

Arena

509474669Analyzed
1v1 RM · 6d ago on Sep 26, 2026· 36m 1s· 2 players
Game mode
Random Map
Map size
Tiny (2 player)
Population
200
Speed
Normal
Resources
Standard
Victory
Conquest
Starting age
Dark Age
Ending age
Imperial Age
RankedLock teamsTeams togetherTeam positionsShared explorationLock speedFull tech treeHidden civsTurbo modeCheats
Victory
Defeat
🇨🇦 Khmer · Canada
964
+15
🇻🇪 Burgundians · Venezuela
952
-44
Vilo41
9:29 Wheelbarrow
12:32 Feudal Age
11:25 Double-Bit Axe
11:51 Horse Collar
13:37 Bow Saw
13:32 Heavy Plow
16:25 Gold Mining
18:14 Gold Shaft Mining
23:59 Castle Age
22:50 Forging
23:20 Stone Mining
23:55 Scale Mail Armor
24:19 Hand Cart
24:45 Stone Shaft Mining
24:02 Light Cavalry
26:15 Iron Casting
25:06 Pikeman
26:29 Crop Rotation
26:46 Man-at-Arms
32:13 Imperial Age
30:30 Ballistics
31:13 Scale Barding Armor
32:34 Two-Man Saw
30:59 Cavalier
Playforfun
10:51 Feudal Age
11:14 Loom
13:40 Castle Age
11:58 Double-Bit Axe
15:03 Bow Saw
16:04 Loom
16:56 Wheelbarrow
23:25 Bloodlines
23:39 Gold Mining
23:40 Stone Mining
27:28 Sanctity
30:35 Imperial Age
28:57 Fletching
29:14 Scale Barding Armor
29:45 Husbandry
31:34 Chain Barding Armor
31:25 Forging
31:51 Conscription
32:46 Double Crossbow
33:57 Plate Barding Armor
33:57 Iron Casting
33:34 Cavalier
Connection lost

Rejoining the realm…

Still unreachable

The connection could not be restored.

Session expired

The server has moved on; the page needs a fresh start.